 Dungeon Crawl Stone Soup version 0.27-a0-1006-g1fd4cec11e (webtiles) character file.

Game seed: 6228723637267229104

7088 siradein the Black Crusader (level 10, -6/69 HPs)
             Began as a Demonspawn Brigand on Apr 17, 2021.
             Was a Priest of Yredelemnul.
             Mangled by Harold
             ... wielding a +0 glaive
              (22 damage)
             ... on level 9 of the Dungeon.
             The game lasted 00:33:21 (13698 turns).

siradein the Black Crusader (Demonspawn Brigand)   Turns: 13698, Time: 00:33:22

Health: -6/69      AC: 11    Str: 15    XL:     10   Next: 84%
Magic:  20/20      EV: 11    Int: 12    God:    Yredelemnul [***...]
Gold:   523        SH:  4    Dex: 18    Spells: 9/9 levels left

rFire    . . .     SeeInvis +   F - +2 falchion (vorpal)
rCold    . . .     Faith    +   (no shield)
rNeg     . . .     Spirit   .   h - +0 troll leather armour
rPois    .         Reflect  .   (no helmet)
rElec    .         Harm     .   c - +0 cloak
rCorr    .         Rampage  .   (no gloves)
Will     .....                  y - +0 pair of boots
Stlth    ++........             f - amulet of faith
HPRegen  1.21/turn              C - ring "Kotzooh" {Dex+3 SInv}
MPRegen  0.17/turn              s - ring of see invisible

@: no status effects
A: claws 1, rugged brown scales 1, icemail 1, spiny 1, condensation shield
a: Renounce Religion, Recall Undead Slaves, Injury Mirror, Animate Dead


You were on level 9 of the Dungeon.
You worshipped Yredelemnul.
Yredelemnul was most pleased with you.
You visited 1 branch of the dungeon, and saw 10 of its levels.
You also visited: Sewer.

You collected 523 gold pieces.

Inventory:

Hand Weapons
 F - a +2 vorpal falchion (weapon)
 N - the +5 hunting sling of the Briny Deep {freeze, rCorr}
   (You found it on level 8 of the Dungeon)

   It causes projectiles fired from it to freeze those they strike, causing
   extra injury to most foes and up to half again as much damage against
   particularly susceptible opponents.
   They can also slow down cold-blooded creatures.
   It protects you from acid and corrosion.
Missiles
 d - 70 poisoned darts
 e - 2 curare-tipped darts
 J - 372 stones (quivered)
 L - 156 sling bullets
Armour
 c - a +0 cloak (worn)
 h - a +0 troll leather armour (worn)
 y - a +0 pair of boots (worn)
Jewellery
 f - an amulet of faith (around neck)
 s - a ring of see invisible (right claw)
 C - the ring "Kotzooh" (left claw) {Dex+3 SInv}
   (You found it on level 5 of the Dungeon)

   [ring of see invisible]

   It affects your dexterity (+3).
   It lets you see invisible.
 H - a ring of willpower
 I - a +6 ring of intelligence
Wands
 o - a wand of iceblast (11)
 B - a wand of flame (29)
 E - a wand of charming (11)
Scrolls
 i - 4 scrolls of holy word {unknown}
 j - 2 scrolls of noise {unknown}
 k - 2 scrolls of magic mapping {unknown}
 m - 4 scrolls of immolation {unknown}
 n - a scroll of enchant weapon {unknown}
 p - a scroll of brand weapon {unknown}
 q - a scroll of enchant armour {unknown}
 r - 3 scrolls of vulnerability {unknown}
 t - 8 scrolls of teleportation {unknown}
 u - a scroll of blinking {unknown}
 v - 2 scrolls of amnesia
 w - a scroll of identify
 x - 4 scrolls of fear {unknown}
 z - 2 scrolls of acquirement {unknown}
 A - a scroll of silence {unknown}
Potions
 a - 3 potions of curing
 b - 2 potions of mutation
 g - 5 potions of heal wounds
 l - a potion of haste
 D - 2 potions of cancellation
 G - 4 potions of might {unknown}
 K - a potion of flight {unknown}
 M - a potion of attraction {unknown}
 O - a potion of invisibility {unknown}


   Skills:
 - Level 2.0 Fighting
 - Level 1.7(7.5) Short Blades
 + Level 11.3(11.4) Long Blades
 - Level 1.7 Throwing
 - Level 0.8 Dodging
 - Level 3.6 Stealth
 + Level 13.7 Invocations


You had 9 spell levels left.
You didn't know any spells.
Your spell library contained the following spells:

 Spells                   Type           Power      Damage    Failure   Level
 Animate Skeleton         Necr           0%         N/A       38%         1
 Apportation              Tloc           0%         N/A       38%         1
 Corona                   Hex            0%         N/A       38%         1
 Pain                     Necr           0%         1d4       38%         1
 Shock                    Conj/Air       0%         1d3       38%         1
 Summon Small Mammal      Summ           0%         N/A       38%         1
 Call Imp                 Summ           0%         N/A       52%         2
 Slow                     Hex            0%         N/A       52%         2
 Static Discharge         Conj/Air       0%         N/A       52%         2
 Call Canine Familiar     Summ           0%         N/A       77%         3
 Inner Flame              Hex/Fire       0%         N/A       77%         3
 Portal Projectile        Hex/Tloc       0%         N/A       77%         3
 Summon Guardian Golem    Hex/Summ       0%         N/A       77%         3
 Swiftness                Air            0%         N/A       77%         3
 Airstrike                Air            0%         N/A       99%         4
 Cause Fear               Hex            0%         N/A       99%         4
 Leda's Liquefaction      Hex/Erth       0%         N/A       99%         4
 Summon Ice Beast         Ice/Summ       0%         N/A       99%         4
 Summon Lightning Spire   Summ/Air       0%         N/A       99%         4
 Lightning Bolt           Conj/Air       0%         1d11      100%        5


Dungeon Overview and Level Annotations

Branches:
Dungeon (10/15)            Temple (0/1) D:6            Lair (0/6) D:9
  Sewer (visited)
    Orc: D:9-12

Altars:
Ashenzari
Cheibriados
Dithmenos
Elyvilon
Hepliaklqana
Kikubaaqudgha
Ru
Sif Muna
Vehumet
Yredelemnul
Zin
The Shining One

Shops:
D:10 *

Annotations:
D:4 2 transporters, noodleboyJ's ghost, amateur DsVM
D:9 Harold
D:10 1 runed translucent door, mojowtm's ghost, novice DECj


Innate Abilities, Weirdness & Mutations

You have sharp fingernails.
You are partially covered in rugged brown scales. (AC +1, +3% HP)
A meltable icy envelope protects you from harm. (AC +4)
You are partially covered in sharp spines.
A meltable shield of frost defends you. (SH +4)


Message History

You hit the yak but do no damage.
The yak is almost dead.
You slash the yak!
You kill the yak!
Yredelemnul accepts your kill.
You hit the yak but do no damage. The yak is struck by your spines.
The yak gores you!
You hit the yak but do no damage.
The yak is lightly wounded.
You block the yak's attack.
You hit the yak.
The yak is moderately wounded.
You hit the yak.
The yak is heavily wounded.
The yak is struck by your spines. The yak gores you!
You hit the yak.
The yak is severely wounded.
The yak barely misses you.
You hit the yak.
The yak is severely wounded.
The yak gores you!
* * * LOW HITPOINT WARNING * * *
You call on the dead to rise...
The yak gores you!
* * * LOW HITPOINT WARNING * * *
Found a staircase to the Lair.
Found a scroll labelled SEZXICKOAD.
A yak comes into view.
The yak bellows!
You hear a bellow! x2
A yak comes into view. x3
You hear a bellow!
The yak is struck by your spines. The yak gores you!
* * * LOW HITPOINT WARNING * * *
The yak gores you but does no damage.
Harold the Weathered comes into view.
He is wielding a +0 glaive.
The yak gores you.
* * * LOW HITPOINT WARNING * * *
Harold shouts!
Harold hits you with a +0 glaive!!
You die...
Your body rises from the dead as a mindless zombie.

##### ##.##......
Y.Y#######...######..#.###..
#...≈...#.......<........
YY..#..Y#.....########..###
Y .##PPP##.............<#
..YP.PP.Y#..........#.....
#≈...>..Y≈#..####### ......
#..PPPP.YY#..# #####..
...##.PP##.@..# ## ..?
#...#.@...# ...≈...#...#
.#######....# #####


You could see Harold and 6 yaks.

Vanquished Creatures
  2 two-headed ogres (D:10)
  Joseph (D:8)
  2 komodo dragons (D:10)
  2 trolls
  2 hornets
  A shadow (D:10)
  Eustachio (D:4)
  9 yaks
  A sky beast (D:7)
  An ogre (D:6)
  2 phantoms
  2 kobold brigands
  A scorpion (D:5)
  4 bullfrogs
  A water moccasin skeleton (D:5)
  11 killer bees (D:10)
  5 wights (D:7)
  3 howler monkeys
  3 centaur zombies
  3 jellies
  3 hounds
  2 orc priests
  An iron imp (D:6)
  12 orc wizards
  Ijyb (D:4)
  2 iguanas
  2 killer bee zombies
  A howler monkey zombie (D:9)
  A gnoll (D:1)
  8 adders
  6 river rats
  A shadow imp (D:5)
  A white imp (D:5)
  2 worms (D:2)
  A dart slug (D:2)
  27 orcs
  5 bats
  3 endoplasms
  2 giant cockroaches
  12 goblins
  9 hobgoblins
  7 jackals (D:2)
  4 quokkas
  13 ball pythons
  8 frilled lizards
  12 kobolds
  11 rats
214 creatures vanquished.

Vanquished Creatures (collateral kills)
  A wyvern (D:8)
  2 yaks (D:10)
  A wyvern zombie (D:6)
  An orc wizard (D:6)
  An adder (D:6)
  2 orcs (D:6)
  2 frilled lizards (Sewer)
  A rat (Sewer)
11 creatures vanquished.

Vanquished Creatures (others)
  An orc priest (D:9)
  A quokka (D:9)
  A wyvern zombie (D:8)
  A bullfrog zombie (D:8)
  A hornet zombie (D:10)
  A komodo dragon zombie (D:10)
  An ogre zombie (D:6)
  4 yak zombies
  2 ball python zombies (D:6)
  A howler monkey zombie (D:6)
  7 killer bee zombies (D:10)
  8 orc zombies
  A fungus (D:10)
  6 plants (D:10)
36 creatures vanquished.

Grand Total: 261 creatures vanquished

Notes
Turn   | Place    | Note
-------+----------+-------------------------------------------
     0 | D:1      | siradein the Demonspawn Brigand began the quest for the
                  | Orb.
     0 | D:1      | Reached XP level 1. HP: 16/16 MP: 1/1
    26 | D:1      | Reached skill level 1 in Long Blades
   660 | D:1      | Gained mutation: You have sharp fingernails. [demonic
                  | ancestry]
   660 | D:1      | Reached XP level 2. HP: 20/22 MP: 2/2
  1324 | D:1      | Gained mutation: A meltable shield of frost defends you.
                  | (SH +4) [demonic ancestry]
  1324 | D:1      | Reached XP level 3. HP: 27/27 MP: 3/3
  2141 | D:2      | Reached XP level 4. HP: 31/33 MP: 4/4
  3322 | D:3      | Gained mutation: You are partially covered in rugged brown
                  | scales. (AC +1, +3% HP) [demonic ancestry]
  3322 | D:3      | Reached XP level 5. HP: 14/39 MP: 5/5
  3802 | D:3      | Reached skill level 5 in Long Blades
  4112 | D:3      | Found a broken altar of Ashenzari.
  4112 | D:3      | Found a basalt altar of Yredelemnul.
  4138 | D:3      | Became a worshipper of Yredelemnul the Dark
  4282 | D:4      | Reached skill level 1 in Invocations
  4368 | D:4      | Gained mutation: A meltable icy envelope protects you from
                  | harm. (AC +4) [demonic ancestry]
  4368 | D:4      | Reached XP level 6. HP: 45/45 MP: 6/6
  4748 | D:4      | Reached skill level 2 in Invocations
  4816 | D:4      | Found a transporter.
  4816 | D:4      | Found a transporter.
  4816 | D:4      | Noticed noodleboyJ's ghost (amateur DsVM)
  5033 | D:4      | Reached skill level 3 in Invocations
  5341 | D:4      | Reached * piety under Yredelemnul
  5392 | D:4      | Noticed Ijyb
  5411 | D:4      | Killed Ijyb
  5725 | D:5      | Entered Level 5 of the Dungeon
  5922 | D:5      | Reached skill level 4 in Invocations
  5922 | D:5      | Gained mutation: You are partially covered in sharp spines.
                  | [demonic ancestry]
  5922 | D:5      | Reached XP level 7. HP: 49/51 MP: 8/10
  6014 | D:5      | Identified the ring "Kotzooh" {Dex+3 SInv}
  6023 | D:5      | Noticed Eustachio
  6554 | D:5      | Reached skill level 5 in Invocations
  6821 | D:5      | Found an ancient bone altar of Kikubaaqudgha.
  6878 | D:5      | Identified Kikubaaqudgha's Collected Works on Sinister
                  | Rituals
  6885 | D:5      | Found a radiant altar of Vehumet.
  6898 | D:5      | Reached skill level 6 in Invocations
  6932 | D:5      | Found a shimmering blue altar of Sif Muna.
  7336 | D:4      | Killed Eustachio
  7337 | D:4      | Reached XP level 8. HP: 10/57 MP: 11/13
  7601 | D:6      | Found a glowing drain.
  7628 | Sewer    | Entered a sewer
  7639 | Sewer    | Reached ** piety under Yredelemnul
  7709 | Sewer    | Reached skill level 7 in Invocations
  8144 | D:6      | Found a sacrificial altar of Ru.
  8312 | D:6      | Found a staircase to the Ecumenical Temple.
  8883 | D:6      | Found a snail-covered altar of Cheibriados.
  8931 | D:6      | Reached skill level 8 in Invocations
  8938 | D:6      | Reached *** piety under Yredelemnul
  9372 | D:7      | Noticed a troll
  9425 | D:6      | Killed a troll
  9426 | D:6      | Reached skill level 9 in Invocations
  9894 | D:7      | Reached XP level 9. HP: 46/57 MP: 15/15
 10083 | D:7      | Identified the +12 hunting sling "Tierivur" {freeze, Drain
                  | rPois rN+ Will+}
 11338 | D:8      | Noticed Joseph
 11386 | D:8      | Found a shadowy altar of Dithmenos.
 11416 | D:8      | Found a hazy altar of Hepliaklqana.
 11559 | D:8      | Reached skill level 10 in Invocations
 11672 | D:8      | Identified the +5 hunting sling of the Briny Deep {freeze,
                  | rCorr}
 11820 | D:8      | HP: 2/62 [Joseph/sling bullet (11)]
 11896 | D:8      | Killed Joseph
 11897 | D:8      | Reached skill level 11 in Invocations
 11993 | D:9      | You fall into a shaft and drop 1 floor!
 11993 | D:10     | Entered Level 10 of the Dungeon
 11993 | D:10     | Found a runed translucent door.
 12023 | D:10     | Noticed mojowtm's ghost (novice DECj)
 12023 | D:10     | Identified the +8 spear "Laophurph" {vorpal, rF+ Int+2
                  | Dex+3}
 12025 | D:10     | Noticed a spriggan rider
 12104 | D:10     | Found Jeesash's General Store.
 12179 | D:10     | Noticed a two-headed ogre
 12198 | D:10     | Killed a two-headed ogre
 12199 | D:10     | Reached skill level 10 in Long Blades
 12199 | D:10     | Reached XP level 10. HP: 31/69 MP: 18/18
 12260 | D:10     | Reached skill level 12 in Invocations
 12587 | D:10     | Noticed a two-headed ogre
 12612 | D:10     | Killed a two-headed ogre
 12775 | D:10     | Reached skill level 13 in Invocations
 13131 | D:9      | Paralysed by a hornet for 3 turns
 13685 | D:9      | Found a staircase to the Lair.
 13694 | D:9      | Noticed Harold
 13698 | D:9      | Mangled by Harold

Illustrated notes

Levels and vault maps discovered:
D:1:      minmay_arrival_solitary_statue, layout_loops_ring, minmay_distorted
D:2:      layout_loops_corners
D:3:      layout_basic, grunt_temple_overflow_cloverleaf
D:4:      layout_loops_ring, gammafunk_ghost_arena, uniq_ijyb
D:5:      layout_cave_pools, palyth_temple_overflow_mages, uniq_eustachio
D:6:      layout_cave_pods, amcnicky_altar_gilded, chei_slow_surprise,
          minmay_temple_entry_sparse_star, portal_sewer_entry_a
D:7:      layout_loops_ring
D:8:      layout_cave_pools, general_overflow_altar, kennysheep_mini_moat,
          minmay_crystal_room, uniq_joseph
D:9:      minmay_razor_zed, layout_rooms, lightli_temple_of_fire,
          elyvilon_altar_4, dpeg_oklobed_lair, orc_0_dummy, uniq_harold
D:10:     layout_loops_ring, ebering_ghost_funeral_grove, serial_shops, shop,
          nicolae_sextant, amcnicky_mini_pool_small,
          chequers_serial_rivers_micro_c

Skill      XL: |  1  2  3  4  5  6  7  8  9 10 |
---------------+-------------------------------+-----
Long Blades    | 2 3 4 5 6 7 8 10 11 | 11.3
Invocations    | 1 4 6 9 11 13 | 13.7
Fighting       | |  2.0
Short Blades   | |  1.7
Throwing       | |  1.7
Dodging        | |  0.8
Stealth        | |  3.6

Action                   |  1- 3 |  4- 6 |  7- 9 | 10-12 || total
-------------------------+-------+-------+-------+-------++-------
Melee: Dagger            |   117 |   138 |       |       ||   255
       Flail             |       |    36 |       |       ||    36
       Falchion          |       |   120 |   339 |   169 ||   628
Invok: Animate Remains   |       |       |    12 |       ||    12
       Animate Dead      |       |       |    10 |     9 ||    19
       Recall Undead Sla |       |       |     1 |       ||     1
       Injury Mirror     |       |       |       |     1 ||     1
  Use: Scroll            |       |       |     7 |       ||     7
       Potion            |       |       |       |     2 ||     2
 Stab: Sleeping          |     4 |     3 |     5 |     3 ||    15
       Distracted        |       |       |     1 |       ||     1
Armor: Robe              |     2 |       |       |       ||     2
       Leather armour    |     1 |       |       |       ||     1
       Ring mail         |    27 |     6 |       |       ||    33
       Scale mail        |       |   106 |    99 |       ||   205
       Troll leather arm |       |       |    31 |    46 ||    77
       Chain mail        |       |       |    13 |       ||    13
       Skin              |       |       |     1 |       ||     1
Dodge: Dodged            |    57 |    96 |   139 |    49 ||   341
Block: Other             |     9 |    52 |    52 |    21 ||   134
       Rpst.: Falchion   |       |    17 |    30 |    10 ||    57

Table legend: (Time is in decaauts)
 A = Elapsed time spent in this place.
 B = Non-inter-level travel time spent in this place.
 C = Inter-level travel time spent in this place.
 D = Time resting spent in this place.
 E = Time spent auto-exploring this place.
 F = Levels seen in this place.
 G = Mean time per level.
                   A        B        C        D        E       F      G
               +--------+--------+--------+--------+--------+-----+--------+
         Total |  14328 |  13251 |   1077 |   1091 |   9319 |  11 | 1302.5 |
       Dungeon |  13721 |  12644 |   1077 |   1089 |   8860 |  10 | 1372.1 |
         Sewer |    606 |    606 |      0 |      2 |    458 |   1 |  606.0 |
               +--------+--------+--------+--------+--------+-----+--------+

Top non-repeatable levels by time:
     D:4: 2191 daAuts
     D:6: 1789 daAuts
     D:1: 1719 daAuts
     D:5: 1601 daAuts
    D:10: 1487 daAuts
     D:3: 1443 daAuts
     D:2: 1388 daAuts
     D:7: 1020 daAuts
     D:8: 693 daAuts
   Sewer: 606 daAuts
     D:9: 387 daAuts
